 Dungeon Crawl Stone Soup version 0.20-a0-1122-gb7cbeb9 (webtiles) character file.

186 poirepourri the Magician (level 5, 0/28 HPs)
             Began as a Deep Elf Fire Elementalist on May 13, 2017.
             Was a Follower of Vehumet.
             Killed from afar by Sigmund (8 damage)
             ... with a magic dart
             ... on level 3 of the Dungeon.
             The game lasted 00:05:40 (3462 turns).

poirepourri the Magician (DEFE)                     Turns: 3462, Time: 00:05:41

Health: 0/28       AC:  3    Str:  3 (5)  XL:     5   Next: 38%
Magic:  0/15       EV: 13    Int: 19 (21) God:    Vehumet [*.....]
Gold:   91         SH:  0    Dex: 14 (15) Spells: 2/15 levels left

rFire    . . .     SeeInvis .   f - +2 dagger (venom)
rCold    . . .     Gourm    .   (no shield)
rNeg     . . .     Faith    .   a - +0 robe
rPois    .         Spirit   +   (no helmet)
rElec    .         Reflect  .   (no cloak)
rCorr    .         Harm     .   n - +0 pair of gloves
MR       .....                  (no boots)
Stlth    ++........             l - amulet of guardian spirit
Regen    0.1/turn               (no ring)
MPRegen  0.2/turn               (no ring)

@: no status effects
A: no striking features
a: Renounce Religion


You were on level 3 of the Dungeon.
You worshipped Vehumet.
Vehumet was aware of your devotion.
You were not hungry.

You visited 1 branch of the dungeon, and saw 3 of its levels.

You collected 91 gold pieces.

Inventory:

Hand Weapons
 f - a +2 dagger of venom (weapon)
Armour
 a - a +0 robe (worn)
 d - a +0 buckler
 n - a +0 pair of gloves (worn)
Jewellery
 l - an amulet of guardian spirit (around neck)
Wands
 q - a wand of polymorph (14/24)
Scrolls
 j - 3 scrolls of immolation
 k - 2 scrolls of remove curse
 o - a scroll of identify
Potions
 e - a potion of heal wounds
 g - a potion of magic
 h - 2 potions of flight
 i - 2 potions of berserk rage
 r - a potion of invisibility {unknown}
Books
 b - a book of Flames

   Spells                             Type                      Level
   a - Flame Tongue                   Conjuration/Fire             1
   b - Throw Flame                    Conjuration/Fire             2
   c - Conjure Flame                  Conjuration/Fire             3
   d - Inner Flame                    Hexes/Fire                   3
   e - Sticky Flame                   Conjuration/Fire             4
   f - Fireball                       Conjuration/Fire             5
 p - a book of Misfortune

   Spells                             Type                      Level
   a - Confusing Touch                Hexes                        1
   b - Confuse                        Hexes                        3
   c - Gell's Gravitas                Translocation                3
   d - Petrify                        Transmutation/Earth          4
   e - Metabolic Englaciation         Hexes/Ice                    5
   f - Yara's Violent Unravelling     Hexes/Transmutation          5
Comestibles
 c - 3 bread rations
 m - a royal jelly


   Skills:
 + Level 0.1 Fighting
 + Level 2.6 Dodging
 - Level 2.4 Stealth
 * Level 5.5 Spellcasting
 + Level 2.7 Conjurations
 + Level 4.6 Fire Magic


You had 2 spell levels left.
You knew the following spells:

 Your Spells              Type           Power        Failure   Level  Hunger
a - Flame Tongue          Conj/Fire      ###..        2%          1    None
b - Throw Flame           Conj/Fire      ###...       3%          2    None
c - Conjure Flame         Conj/Fire      ###.....     8%          3    ##.....
d - Inner Flame           Hex/Fire       ##......     14%         3    ##.....
e - Sticky Flame          Conj/Fire      ###.....     26%         4    ####...


Dungeon Overview and Level Annotations

Branches:
Dungeon (3/15)

Altars:
Trog
Vehumet
Xom
The Shining One

Annotations:
D:3 Alarkh's ghost, amateur DsTm; Sigmund


Message History

Press: ? - help, Shift-Dir - straight line, f - adder
Aim: an adder The flame tongue hits the adder.
The adder is heavily wounded.
The adder misses you.
Casting: Flame Tongue
Confirm with . or Enter, or press ? or * to list all spells.
Aiming: Flame Tongue
Press: ? - help, Shift-Dir - straight line, f/p - adder
Aim: an adder (heavily wounded)
The flame tongue hits the adder.
You kill the adder!
Vehumet accepts your kill.
You feel your dexterity returning. Something hits you. Something hits you.
* * * LOW HITPOINT WARNING * * *
A magic dart appears from out of thin air!
The magic dart hits you!
You die...

.#..#
#.#
.#.##
#.#
.#.
#.#
##.
#.#
#.#
#{#
#.#
#.#
#@#
#.#
#.#
#.#
#.#
..#
###


There were no monsters in sight!

Vanquished Creatures
  Jessica (D:3)
  5 gnolls (D:2)
  3 adders
  3 oozes
  A worm (D:3)
  A dart slug (D:1)
  2 leopard geckos
  5 orcs (D:3)
  7 bats
  6 giant cockroaches
  5 hobgoblins
  8 kobolds
  A quokka (D:3)
  3 frilled lizards
  6 goblins
  7 rats
64 creatures vanquished.

Notes
Turn   | Place    | Note
-------+----------+-------------------------------------------
     0 | D:1      | poirepourri the Deep Elf Fire Elementalist began the quest for the Orb.
     0 | D:1      | Reached XP level 1. HP: 10/10 MP: 6/6
   374 | D:1      | Reached XP level 2. HP: 15/15 MP: 6/8
   633 | D:1      | Learned a level 2 spell: Throw Flame
  1055 | D:1      | Reached XP level 3. HP: 19/19 MP: 0/10
  1209 | D:2      | Learned a level 3 spell: Conjure Flame
  1213 | D:2      | Learned a level 3 spell: Inner Flame
  1230 | D:2      | Found a radiant altar of Vehumet.
  1231 | D:2      | Found a shimmering altar of Xom.
  1239 | D:2      | Became a worshipper of Vehumet
  1616 | D:2      | Found a glowing golden altar of the Shining One.
  1616 | D:2      | Found a bloodstained altar of Trog.
  1697 | D:2      | Reached skill level 4 in Spellcasting
  1945 | D:2      | Reached XP level 4. HP: 24/24 MP: 2/12
  2167 | D:2      | Reached skill level 5 in Spellcasting
  2629 | D:3      | Learned a level 4 spell: Sticky Flame
  2643 | D:3      | Noticed Jessica
  2662 | D:3      | Killed Jessica
  2662 | D:3      | Reached XP level 5. HP: 27/28 MP: 12/14
  2664 | D:3      | Reached * piety under Vehumet
  2664 | D:3      | Offered knowledge of Freeze by Vehumet.
  2788 | D:3      | Noticed Alarkh's ghost (amateur DsTm)
  2801 | D:3      | HP: 1/28 [Alarkh's ghost (5)]
  3429 | D:3      | Noticed Sigmund
  3462 | D:3      | Killed from afar by Sigmund

Vault maps used:
D:1:      dpeg_arrival_stone_temple_mockup, minmay_box_of_dots
D:2:      gammafunk_temple_overflow_elements, grunt_temple_overflow_open
D:3:      glass_columns_b, grunt_ministairs_15, uniq_jessica, uniq_sigmund

Skill      XL: |  1  2  3  4 |
---------------+-------------+-----
Fire Magic     | 4 |  4.6
Spellcasting   | 4 5 |  5.5
Conjurations   | 2 |  2.7
Fighting       | |  0.1
Dodging        | |  2.6
Stealth        | |  2.4

Action                   |  1- 3 |  4- 6 || total
-------------------------+-------+-------++-------
Melee: Dagger            |       |     2 ||     2
 Cast: Flame Tongue      |    36 |    51 ||    87
       Throw Flame       |    25 |    22 ||    47
       Sticky Flame      |       |     2 ||     2
  Use: Scroll            |     7 |     4 ||    11
       Potion            |       |     5 ||     5
 Stab: Distracted        |       |     1 ||     1
  Eat: Chunk             |     2 |       ||     2
       Fruit             |     2 |       ||     2
       Bread ration      |       |     1 ||     1
Armor: Robe              |     2 |     1 ||     3
Dodge: Dodged            |     4 |    26 ||    30
